 Dungeon Crawl Stone Soup version 0.01-2087-gb5e28fc70b (webtiles) character file.

Game seed: 7815167428469847359, levelgen mode: deterministic

47 Lanoc the Twirler (level 3, -2/39 HPs) Lignifite Berserker. Began on May 28, 2020. Was a Believer of Trog. Slain by a hornet (6 damage) ... on level 2 of the Dungeon. The game lasted 00:03:39 (658 turns).

Lanoc the Twirler (Lignifite Berserker)              Turns: 658, Time: 00:03:40

Health: -2/39      AC: 10    Str: 28    XL:     3 ^: 29
Magic:  4/4        EV:  8    Int:  8    God:    Trog [**.... (57)]
Gold:   66         SH:  0    Dex:  7    Spells: 2/2 levels left

rFire    x . .     Vision   .   a - +0 mace
rCold    . . .     Gourm    .   d - +1 buckler {AC+3}
rNeg     . . .     Faith    .   b - +0 animal skin
rPois    +         Spirit   .   (helmet restricted)
rElec    .         Reflect  .   (no cloak)
rCorr    .         Harm     .   (gloves unavailable)
MR       .....     Rnd*Rage +   (boots unavailable)
Stlth    ..........             (no amulet)
HPRegen  0.23/turn              (no ring)
MPRegen  0.14/turn              (no ring)

@: berserking, petrifying, quick
A: very small, rF-, deformed body, speed 1, poison resistance, slow metabolism
1, torment resistance, plant, rot immunity
a: Berserk, Trog's Hand, Renounce Religion


You were on level 2 of the Dungeon.
You worshipped Trog.
Trog was pleased with you.
You were very hungry.

You visited 1 branch of the dungeon, and saw 2 of its levels.

You collected 66 gold pieces.

Inventory:

Weapons
 a - a +0 mace (weapon) Shields
 d - a +1 buckler of protection (shield)
Armour
 b - a +0 animal skin (worn)
 k - a +0 pair of clawed gauntlets
Jewellery
 i - an uncursed ring of positive energy
Scrolls
 g - a scroll of immolation
 j - a scroll of magic mapping
Potions
 e - a potion of magic
 f - a potion of heal wounds
 h - a potion of curing
Comestibles
 c - 6 rations


   Skills:
 + Level 3.3 Fighting
 * Level 4.2 Maces & Staves
 + Level 3.0 Dodging
 + Level 0.6 Shields


You had 2 spell levels left.
You didn't know any spells.
Your spell library was empty.

Dungeon Overview and Level Annotations

Branches:
Dungeon (2/8)

Altars:


Innate Abilities, Weirdness & Mutations

Your woody flesh burns easily. (rF-)
A tangle of shorter branches protects your body from attack. (+2 SH)
You are very small and have problems with some larger weapons.
You are too small for most types of armour.
Armour fits poorly on your strangely shaped body.
You cover ground quickly.
Your system is resistant to poisons. (rPois)
You have a slow metabolism.
You are immune to unholy pain and torment.
You require very little carbon dioxide to survive.
You are immune to rotting.
You frequently lose your temper in combat.
This godly rage surpasses even clarity. (*Rage)


Message History

You closely miss the hornet. You block the bat's attack.
You block the hornet's attack. The hornet completely misses you (0).
You hit the hornet but do no damage.
The hornet is moderately wounded. (22/31) HP The bat closely misses you (0).
You block the hornet's attack.
You hit the hornet but do no damage.
The hornet is moderately wounded. (22/31) HP The bat hits you but does no damage.
The hornet stings you (11)!
A jackal comes into view.
You sock the hornet (12)!
The hornet is severely wounded. (10/31) HP The bat closely misses you (0).
A giant cockroach comes into view.
You block the hornet's attack. You block the ball python's attack. x2
You closely miss the hornet. The bat misses you (0).
The hornet stings you (12)!
* * * LOW HITPOINT WARNING * * *
You are slowing down.
The bat hits you but does no damage. The hornet stings you (6).
You die...

.. #...] ....
..###.... ....
....#.... ....#
........# .....
?.....w.#......
.......r#......
......bySg.....
......r@g......
.......#.#..#..
....... .# #
....#.# .. ...
.. ... #. #..
.... # .. s###.
... .. .#


You could see a hornet, a dart slug, a quokka, a giant cockroach, 2 goblins, a
bat, a ball python and a rat.

Vanquished Creatures
  2 oozes (D:1)
  2 dart slugs (D:1)
  A leopard gecko (D:1)
  4 bats (D:1)
  A giant cockroach (D:1)
  4 goblins (D:1)
  3 hobgoblins (D:1)
  A ball python (D:1)
  3 frilled lizards (D:1)
  7 kobolds (D:1)
  5 rats (D:1)
33 creatures vanquished.

Notes
Turn   | Place    | Note
-------+----------+-------------------------------------------
     0 | D:1      | Lanoc the Lignifite Berserker began the quest for the Orb.
     0 | D:1      | Reached XP level 1. HP: 14/14 MP: 2/2
    11 | D:1      | Received a gift from Trog
    37 | D:1      | Reached XP level 2. HP: 21/21 MP: 3/3
   182 | D:1      | Reached skill level 4 in Maces & Staves
   209 | D:1      | Reached XP level 3. HP: 20/26 MP: 4/4
   228 | D:1      | Reached ** piety under Trog
   649 | D:2      | Noticed a hornet
   658 | D:2      | Slain by a hornet

Levels and vault maps discovered:
D:1:      dpeg_arrival_short_road, layout_cave_pools, first_ration,
          minmay_misc_feat_alley, dk_noncrumbling_3, minmay_tetromino_t2
D:2:      layout_cave_pools, grunt_gozag_statues, uniq_terence

Skill      XL: |  1  2 |
---------------+-------+-----
Dodging        | 3 |  3.0
Maces & Staves | 4 |  4.2
Fighting       | |  3.3
Shields        | |  0.6

Action                   || total
-------------------------++-------
Melee: Mace              ||    99
Invok: Berserk           ||     3
Armor: Animal skin       ||    12
Dodge: Dodged            ||    90
Block: Buckler           ||    37
